 Dungeon Crawl Stone Soup version 0.30.0-13-g156ef70053 (webtiles) character file.

Game seed: 17228053372402348541

153 NotreDorf the Ducker (level 5, -1/41 HPs)
             Began as a Merfolk Gladiator on May 17, 2023.
             Constricted to death by Ijyb (6 damage)
             ... on level 3 of the Dungeon.
             The game lasted 00:05:44 (2022 turns).

NotreDorf the Ducker (Merfolk Gladiator)            Turns: 2022, Time: 00:05:46

Health: -1/41      AC:  4    Str: 16    XL:     5   Next: 35%
Magic:  5/5        EV: 11    Int:  7    God:
Gold:   76         SH:  0    Dex: 16    Spells: 4/4 levels left

rFire   . . .        a - +0 trident
rCold   . . .        (no shield)
rNeg    . . .        b - +0 leather armour
rPois   .            c - +0 helmet
rElec   .            (no cloak)
rCorr   .            (no gloves)
SInv    .            (no boots)
Will    .....        (no amulet)
Stlth   +            (no ring)
HPRegen 0.26/turn    (no ring)
MPRegen 0.09/turn

%: no passive effects
@: grasped by roots, constricted
A: (nimble swimmer 2), mertail
a: no special abilities


You were on level 3 of the Dungeon.
You visited 1 branch of the dungeon, and saw 3 of its levels.

You collected 76 gold pieces.

Inventory:

Hand Weapons
 a - a +0 trident (weapon)
Missiles
 d - 2 throwing nets
 e - a javelin
 g - 20 stones (quivered)
Armour
 b - a +0 leather armour (worn)
 c - a +0 helmet (worn)
Jewellery
 q - a ring of magical power
Scrolls
 f - a scroll of blinking {unknown}
 h - 3 scrolls of identify {unknown}
 i - a scroll of poison {unknown}
 j - a scroll of magic mapping {unknown}
 l - a scroll of enchant armour {unknown}
 n - a scroll of teleportation {unknown}
 o - a scroll of amnesia {unknown}
 p - a scroll of silence {unknown}
Potions
 k - a potion of might {unknown}
 m - 2 potions of curing {unknown}
 r - 2 potions of resistance {unknown}
 s - a potion of brilliance {unknown}


   Skills:
 + Level 3.5 Fighting
 + Level 5.1 Polearms
 + Level 3.1 Throwing
 + Level 5.2 Dodging


You had 4 spell levels left.
You didn't know any spells.
Your spell library contained the following spells:

 Spells                   Type           Power      Damage    Failure   Level
 Vhi's Electric Charge    Tloc/Air       0%         N/A       86%         3
 Arcjolt                  Conj/Air       0%         1d10      100%        5
 Maxwell's Capacitive Co  Air            0%         ∞         100%        8


Dungeon Overview and Level Annotations

Branches:
Dungeon (3/15)

Altars:

Shops:
D:1 (

Annotations:
D:3 Ijyb


Innate Abilities, Weirdness & Mutations

((You are very nimble when in or above water. (Stealth+, EV+, Speed+++)))
Your lower body shifts to a powerful aquatic tail in water.


Message History

The grasping roots constrict you.
You closely miss the kobold. The kobold hits you but does no damage.
The kobold barely misses you. The grasping roots constrict you.
You hit the kobold.
You kill the kobold!
The grasping roots constrict you.
The grasping roots release their grip on you.
You are too injured to fight recklessly!
You are too injured to fight recklessly!
You are too injured to fight recklessly!
You are too injured to fight recklessly!
You hit Ijyb.
Ijyb is moderately wounded.
Ijyb completely misses you.
You hit Ijyb but do no damage.
Ijyb is moderately wounded.
Ijyb closely misses you.
You hit Ijyb.
Ijyb is moderately wounded.
Ijyb hits you with a +0 club.
You hit Ijyb.
Ijyb is heavily wounded.
Ijyb misses you.
You hit Ijyb.
Ijyb is heavily wounded.
Ijyb zaps a wand.
The roots erupt in riotous growth!
The grasping roots grab you!
Ijyb is unaffected.
The grasping roots constrict you.
Unknown command.
You puncture Ijyb!
Ijyb is almost dead.
Ijyb barely misses you. The grasping roots constrict you.
* * * LOW HITPOINT WARNING * * *
You closely miss Ijyb.
Ijyb is almost dead.
Ijyb screams, "Get away!"
Ijyb hits you with a +0 club.
* * * LOW HITPOINT WARNING * * *
The grasping roots constrict you.
You die...

###.##.##
...>....#
######..#
###
....##..#
...
###.##..#
..# #.##<.#
#.# #.###.#
#.# #.# #.#
#g# #.# #.#
#@# #.#
#.########.#
#.#
#..........#
#.#
############
###.# ....#
#####


You could see Ijyb.

Vanquished Creatures
  Natasha (twice) (D:3)
  Terence (D:3)
  2 adders (D:2)
  A worm (D:2)
  6 bats
  12 endoplasms
  2 giant cockroaches
  7 goblins
  2 hobgoblins (D:1)
  2 jackals (D:3)
  4 kobolds
  A quokka (D:2)
  7 ball pythons
  4 frilled lizards
  5 rats
58 creatures vanquished.

Notes
Turn   | Place    | Note
-------+----------+-------------------------------------------
     0 | D:1      | NotreDorf the Merfolk Gladiator began the quest for the
                  | Orb.
     0 | D:1      | Reached XP level 1. HP: 16/16 MP: 1/1
   102 | D:1      | Reached XP level 2. HP: 23/23 MP: 2/2
   547 | D:1      | Found a faded altar of an unknown god.
   654 | D:1      | Reached XP level 3. HP: 28/28 MP: 3/3
   756 | D:1      | Found Ipeusk's Weapon Boutique.
   939 | D:2      | Identified the +2 hand axe "Oggewkal" {heavy, rPois}
   979 | D:2      | You fall into a shaft and drop 1 floor!
  1192 | D:2      | Reached XP level 4. HP: 34/34 MP: 4/4
  1623 | D:3      | Noticed Natasha
  1632 | D:3      | Killed Natasha
  1633 | D:3      | Reached skill level 5 in Dodging
  1722 | D:3      | Noticed Natasha
  1730 | D:3      | Killed Natasha
  1731 | D:3      | Reached skill level 5 in Polearms
  1731 | D:3      | Reached XP level 5. HP: 25/41 MP: 5/5
  2001 | D:3      | Noticed Terence
  2010 | D:3      | Killed Terence
  2011 | D:3      | Noticed Ijyb
  2022 | D:3      | Constricted to death by Ijyb

Illustrated notes

Levels and vault maps discovered:
D:1:      dpeg_arrival_yet_another_circle, layout_basic,
          shapermc_ecumenical_altar_acropolis, serial_shops,
          nicolae_diamond_shop
D:2:      layout_basic, kennysheep_generic_room_6
D:3:      layout_basic, uniq_terence, uniq_natasha, uniq_ijyb

Skill      XL: |  1  2  3  4 |
---------------+-------------+-----
Fighting       | 3 |  3.5
Dodging        | 5 |  5.2
Polearms       | 5 |  5.1
Throwing       | 3 |  3.1

Action                     |  1- 3 |  4- 6 || total
---------------------------+-------+-------++-------
  Melee: Trident           |    91 |    64 ||   155
  Throw: Throwing net      |     2 |       ||     2
         Stone             |    22 |       ||    22
   Stab: Sleeping          |     1 |       ||     1
 Armour: Leather armour    |    24 |    10 ||    34
  Dodge: Dodged            |    47 |    33 ||    80
